 Dungeon Crawl Stone Soup version 0.31-a0-102-g33a4ccc0cb (webtiles) character file.

Game seed: 17279471366515594805

3123 Drazool the Thaumaturge (level 10, 69/69 HPs) *EXPLORE*
             Began as a Djinni Fire Elementalist on May 26, 2023.
             Quit the game on level 8 of the Dungeon.
             The game lasted 00:25:28 (6646 turns).

Drazool the Thaumaturge (Djinni Fire Elementalist)  Turns: 6646, Time: 00:25:28

Health: 69/69      AC:  3    Str: 10    XL:     10   Next: 14%
Gold:   470        EV: 17    Int: 23    God:
                   SH:  0    Dex: 14

rFire   + + +        g - +0 whip (drain)
rCold   x . .        (no shield)
rNeg    . . .        a - +0 robe
rPois   ∞            b - +0 hat of Ibuarimaoff {Will+ Str+3 Int+2 Stlth+}
rElec   .            f - +0 cloak
rCorr   .            (no gloves)
SInv    .            (boots unavailable)
Will    ++...        o - amulet of regeneration
Stlth   +++          F - ring of protection from fire
HPRegen 1.11/turn    E - +5 ring of evasion
MPRegen 0.00/turn

%: no passive effects
@: flying
A: sickness immunity, fire resistance 2, cold vulnerability 1, float, innate
caster, HP casting, extra vitality 1
a: no special abilities


You were on level 8 of the Dungeon.
You visited 2 branches of the dungeon, and saw 9 of its levels.
You also visited: Sewer.

You collected 470 gold pieces.


Innate Abilities, Weirdness & Mutations

You are immune to sickness and miasma.
You are immune to poison.
Your flesh is very heat resistant. (rF++)
You are vulnerable to cold. (rC-)
You float through the air rather than walking.
You learn spells naturally, not from books.
Your magical power is your life essence.
You have superior vitality. (+4 MHP)


   Skills:
 + Level 4.5 Fighting
 - Level 2.1 Dodging
 - Level 1.5 Stealth
 - Level 10.0 Spellcasting
 - Level 10.0 Conjurations
 - Level 10.0 Hexes
 - Level 10.0 Summonings
 - Level 10.0 Necromancy
 - Level 10.0 Translocations
 - Level 10.0 Transmutations
 - Level 10.0 Fire Magic
 - Level 10.0 Ice Magic
 - Level 10.0 Air Magic
 - Level 10.0 Earth Magic
 - Level 10.0 Poison Magic


You knew the following spells:

 Your Spells              Type           Power      Damage    Failure   Level
b - Beastly Appendage     Tmut           100%       N/A       1%          1
c - Cause Fear            Hex            27%        N/A       1%          4
e - Ensorcelled Hibernat  Hex/Ice        100%       N/A       1%          2
f - Foxfire               Conj/Fire      100%       2x1d9     1%          1
r - Inner Flame           Hex/Fire       51%        N/A       1%          3
s - Searing Ray           Conj           100%       2d8       1%          2
X - Scorch                Fire           100%       2d9       1%          2
Y - Volatile Blastmotes   Fire/Tloc      100%       2d18      1%          3
Z - Flame Wave            Conj/Fire      51%        2d13      1%          4
Your spell library was empty.

Inventory:

Hand Weapons
 g - a +0 whip of draining (weapon)
 m - a +1 whip of electrocution
 n - a +0 dagger of protection
Armour
 a - a +0 robe (worn)
 b - the +0 hat of Ibuarimaoff (worn) {Will+ Str+3 Int+2 Stlth+}
   (You acquired it on level 6 of the Dungeon)

   Str:       It affects your strength (+3).
   Int:       It affects your intelligence (+2).
   Will:      It increases your willpower.
   Stlth:     It makes you more stealthy.
 f - a +0 cloak (worn)
Magical Staves
 u - a staff of earth {!a}
Jewellery
 e - a +5 ring of evasion
 k - an amulet of reflection
 o - an amulet of regeneration (around neck)
 E - a +5 ring of evasion (right hand)
 F - a ring of protection from fire (left hand)
 T - a +4 ring of protection
Wands
 w - a wand of mindburst (14)
 H - a wand of charming (5)
 K - a wand of polymorph (10)
Scrolls
 d - a scroll of poison
 i - a scroll of immolation
 l - 3 scrolls of teleportation {@r2}
 p - a scroll of brand weapon
 t - a scroll of fear
 v - a scroll of torment
 x - 3 scrolls of noise {unknown}
 y - 2 scrolls of enchant weapon {unknown}
 A - a scroll of amnesia {unknown}
 B - 3 scrolls of identify {@r1}
 C - a scroll of magic mapping
 D - a scroll of silence {unknown}
 G - 5 scrolls of fog
 I - 4 scrolls of vulnerability {unknown}
 M - a scroll of butterflies {unknown}
Potions
 c - 3 potions of lignification
 h - a potion of curing {unknown}
 j - 2 potions of brilliance
 q - 3 potions of heal wounds {unknown}
 r - a potion of invisibility
 s - a potion of berserk rage {unknown}
 z - a potion of ambrosia {unknown}
 J - a potion of degeneration {unknown}
 L - a potion of mutation {unknown}

Dungeon Overview and Level Annotations

Branches:
Dungeon (8/15)             Temple (1/1) D:5           Sewer (visited)
   Lair: D:8-11

Altars:
Cheibriados
Dithmenos
Elyvilon
Gozag
Hepliaklqana
Makhleb
Nemelex Xobeh
Okawaru
Qazlal
Ru
Trog
Xom
Yredelemnul
Zin
The Shining One

Shops:
D:4 [

Annotations:
D:1 2 transporters

#.....#######.###
#.....#...# #.#
###.....#.# #.#
#####...# #.# ##.## #.#
# #.# #.# # #.####.#
########......#########
..........#####.@.....#
###.#######
#..###..#### #.#
#..###.....# #.#
#..........##### #.#
#..###.........# ##.##
#.......######.# #...#
#.......# #.# ##...#
##.####### #.####
##...#
###...###########....#


There were no monsters in sight!


Message History

The searing ray hits the wraith!
The wraith is almost destroyed. (Press . to maintain the ray.)
The wraith hits you! The wraith drains your vigour!
You feel as though you will be slow longer.
The searing ray hits the wraith!
You destroy the wraith!
Your Fighting skill increases to level 4!
You feel yourself speed up.
Found a leather armour.
You reach down and open the door.
There is an open door here.
You reach down and open the door.
Found a robe.
There is an open door here.
You see here a +0 robe.
There is a stone staircase leading down here.
You see here a +0 club.
Found a scroll labelled VEEN LAGEIL.
M - a scroll labelled VEEN LAGEIL You see here a +0 dagger.
There is a stone staircase leading up here.
Done exploring.
Done exploring.
WARNING: ABOUT TO ENTER EXPLORE MODE!
In explore mode, death is optional.
Once you set a character to explore mode, you can't switch back.
If you continue, your game will not be scored!
Do you really want to enter explore mode? (Confirm with "yes".) Are you sure you want to abandon this character and quit the game? (Confirm with "yes".)

Skill      XL: |  1  2  3  4  5  6  7  8  9 10 |
---------------+-------------------------------+-----
Spellcasting   | 4 5 7 8 10 | 10.0
Conjurations   | 4 5 7 8 10 | 10.0
Hexes          | 4 5 7 8 10 | 10.0
Summonings     | 4 5 7 8 10 | 10.0
Necromancy     | 4 5 7 8 10 | 10.0
Translocations | 4 5 7 8 10 | 10.0
Transmutations | 4 5 7 8 10 | 10.0
Fire Magic     | 4 5 7 8 10 | 10.0
Ice Magic      | 4 5 7 8 10 | 10.0
Air Magic      | 4 5 7 8 10 | 10.0
Earth Magic    | 4 5 7 8 10 | 10.0
Poison Magic   | 4 5 7 8 10 | 10.0
Fighting       | 2 4 |  4.5
Dodging        | |  2.1
Stealth        | |  1.5

Action                     |  1- 3 |  4- 6 |  7- 9 | 10-12 || total
---------------------------+-------+-------+-------+-------++-------
  Melee: Unarmed           |     1 |       |       |       ||     1
         Whip              |       |     2 |     2 |       ||     4
   Cast: Foxfire           |    67 |   111 |   180 |     1 ||   359
         Scorch            |       |       |    33 |     1 ||    34
         Searing Ray       |       |       |    11 |     4 ||    15
         Volatile Blastmot |       |       |    10 |     4 ||    14
    Use: Scroll            |       |       |    13 |       ||    13
 Armour: Robe              |     1 |     1 |     2 |     1 ||     5
  Dodge: Dodged            |     5 |    14 |    38 |    11 ||    68
  Block: Other             |       |     2 |       |       ||     2

Levels and vault maps discovered:
D:1:      spicycebolla_arrival_transporter_tutorial, layout_loops_ring,
          serial_co_window_serial, co_window_paths_b, co_window_paths_b,
          co_window_of_opportunity_a, co_window_cross_1, co_window_corner_a,
          co_window_corner_b, co_window_broadway_a, co_window_corner_cb,
          co_window_corner_b, co_window_paths_d, glass_columns_a,
          glass_columns_a, glass_columns_b
D:2:      layout_basic
D:3:      layout_basic, mainiacjoe_overflow_six_doors_small,
          nicolae_ecumenical_oubliette
D:4:      layout_loops_corners, serial_shops, nicolae_shop_advertising_works
          [nicolae_subvault_shop_adworks], cheibrodos_sewer_entry_sluice
D:5:      layout_loops_ring, minmay_temple_entry_wispy, serial_bayou_lagoon_a,
          kennysheep_potato, uniq_menkaure
D:6:      layout_basic, grunt_temple_overflow_open
D:7:      layout_gridville
D:8:      layout_loops_cross, chequers_serial_rivers_room_b,
          nicolae_letterblocks [nicolae_letter_subblock,
          nicolae_letter_subblock, nicolae_letter_subblock,
          nicolae_letter_subblock, nicolae_letter_subblock,
          nicolae_letter_subblock, nicolae_letter_subblock,
          nicolae_letter_subblock, nicolae_letter_subblock,
          nicolae_letter_subblock, nicolae_letter_subblock,
          nicolae_letter_subblock, nicolae_letter_subblock,
          nicolae_letter_subblock, nicolae_letter_subblock,
          nicolae_letter_subblock, nicolae_letter_subblock,
          nicolae_letter_subblock, nicolae_letter_subblock,
          nicolae_letter_subblock, nicolae_letter_subblock,
          nicolae_letter_subblock, nicolae_letter_subblock,
          nicolae_letter_subblock, nicolae_letter_subblock]
Temple:   nicolae_temple_two_arcs

Notes
Turn   | Place    | Note
-------+----------+-------------------------------------------
     0 | D:1      | Reached skill level 3 in Spellcasting
     0 | D:1      | Reached skill level 3 in Conjurations
     0 | D:1      | Reached skill level 3 in Hexes
     0 | D:1      | Reached skill level 3 in Summonings
     0 | D:1      | Reached skill level 3 in Necromancy
     0 | D:1      | Reached skill level 3 in Translocations
     0 | D:1      | Reached skill level 3 in Transmutations
     0 | D:1      | Reached skill level 3 in Fire Magic
     0 | D:1      | Reached skill level 3 in Ice Magic
     0 | D:1      | Reached skill level 3 in Air Magic
     0 | D:1      | Reached skill level 3 in Earth Magic
     0 | D:1      | Reached skill level 3 in Poison Magic
     0 | D:1      | Drazool the Djinni Fire Elementalist began the quest for
                  | the Orb.
     0 | D:1      | Drazool set off with the following spells memorised:
                  | Foxfire, Scorch, Volatile Blastmotes, Inner Flame, Flame
                  | Wave.
     0 | D:1      | Reached XP level 1. HP: 15/15 MP: 0/0
   871 | D:2      | Reached XP level 2. HP: 16/21 MP: 0/0
  1613 | D:3      | Reached XP level 3. HP: 23/25 MP: 0/0
  1613 | D:3      | Learned a level 1 spell: Beastly Appendage
  1651 | D:3      | Found a glowing golden altar of the Shining One.
  1691 | D:3      | Found a faded altar of an unknown god.
  1968 | D:3      | Reached skill level 4 in Spellcasting
  1968 | D:3      | Reached skill level 4 in Conjurations
  1968 | D:3      | Reached skill level 4 in Hexes
  1968 | D:3      | Reached skill level 4 in Summonings
  1968 | D:3      | Reached skill level 4 in Necromancy
  1968 | D:3      | Reached skill level 4 in Translocations
  1968 | D:3      | Reached skill level 4 in Transmutations
  1968 | D:3      | Reached skill level 4 in Fire Magic
  1968 | D:3      | Reached skill level 4 in Ice Magic
  1968 | D:3      | Reached skill level 4 in Air Magic
  1968 | D:3      | Reached skill level 4 in Earth Magic
  1968 | D:3      | Reached skill level 4 in Poison Magic
  1968 | D:3      | Reached XP level 4. HP: 28/31 MP: 0/0
  2229 | D:4      | Noticed a scorpion
  2238 | D:4      | Killed a scorpion
  2239 | D:4      | Reached XP level 5. HP: 27/35 MP: 0/0
  2239 | D:4      | Learned a level 2 spell: Ensorcelled Hibernation
  2385 | D:4      | Found Oliyg's Armour Emporium.
  2431 | D:4      | Reached skill level 5 in Spellcasting
  2431 | D:4      | Reached skill level 5 in Conjurations
  2431 | D:4      | Reached skill level 5 in Hexes
  2431 | D:4      | Reached skill level 5 in Summonings
  2431 | D:4      | Reached skill level 5 in Necromancy
  2431 | D:4      | Reached skill level 5 in Translocations
  2431 | D:4      | Reached skill level 5 in Transmutations
  2431 | D:4      | Reached skill level 5 in Fire Magic
  2431 | D:4      | Reached skill level 5 in Ice Magic
  2431 | D:4      | Reached skill level 5 in Air Magic
  2431 | D:4      | Reached skill level 5 in Earth Magic
  2431 | D:4      | Reached skill level 5 in Poison Magic
  2431 | D:4      | Reached XP level 6. HP: 40/40 MP: 0/0
  2530 | D:4      | Found a glowing drain.
  2550 | Sewer    | Entered a sewer
  3010 | D:4      | Reached XP level 7. HP: 45/45 MP: 0/0
  3010 | D:4      | Learned a level 2 spell: Searing Ray
  3276 | D:5      | Entered Level 5 of the Dungeon
  3344 | D:5      | Noticed Menkaure
  3370 | D:5      | Killed Menkaure
  3371 | D:5      | Reached skill level 6 in Spellcasting
  3371 | D:5      | Reached skill level 6 in Conjurations
  3371 | D:5      | Reached skill level 6 in Hexes
  3371 | D:5      | Reached skill level 6 in Summonings
  3371 | D:5      | Reached skill level 6 in Necromancy
  3371 | D:5      | Reached skill level 6 in Translocations
  3371 | D:5      | Reached skill level 6 in Transmutations
  3371 | D:5      | Reached skill level 6 in Fire Magic
  3371 | D:5      | Reached skill level 6 in Ice Magic
  3371 | D:5      | Reached skill level 6 in Air Magic
  3371 | D:5      | Reached skill level 6 in Earth Magic
  3371 | D:5      | Reached skill level 6 in Poison Magic
  3468 | D:5      | Found a staircase to the Ecumenical Temple.
  3478 | Temple   | Entered the Ecumenical Temple
  3699 | D:5      | Reached skill level 7 in Spellcasting
  3699 | D:5      | Reached skill level 7 in Conjurations
  3699 | D:5      | Reached skill level 7 in Hexes
  3699 | D:5      | Reached skill level 7 in Summonings
  3699 | D:5      | Reached skill level 7 in Necromancy
  3699 | D:5      | Reached skill level 7 in Translocations
  3699 | D:5      | Reached skill level 7 in Transmutations
  3699 | D:5      | Reached skill level 7 in Fire Magic
  3699 | D:5      | Reached skill level 7 in Ice Magic
  3699 | D:5      | Reached skill level 7 in Air Magic
  3699 | D:5      | Reached skill level 7 in Earth Magic
  3699 | D:5      | Reached skill level 7 in Poison Magic
  3699 | D:5      | Reached XP level 8. HP: 35/50 MP: 0/0
  4270 | D:6      | Identified a scroll of acquirement
  4279 | D:6      | Acquired the +0 hat of Ibuarimaoff {Will+ Str+3 Int+2
                  | Stlth+}
  4695 | D:6      | Found a burning altar of Makhleb.
  4719 | D:6      | Reached skill level 8 in Spellcasting
  4719 | D:6      | Reached skill level 8 in Conjurations
  4719 | D:6      | Reached skill level 8 in Hexes
  4719 | D:6      | Reached skill level 8 in Summonings
  4719 | D:6      | Reached skill level 8 in Necromancy
  4719 | D:6      | Reached skill level 8 in Translocations
  4719 | D:6      | Reached skill level 8 in Transmutations
  4719 | D:6      | Reached skill level 8 in Fire Magic
  4719 | D:6      | Reached skill level 8 in Ice Magic
  4719 | D:6      | Reached skill level 8 in Air Magic
  4719 | D:6      | Reached skill level 8 in Earth Magic
  4719 | D:6      | Reached skill level 8 in Poison Magic
  4781 | D:6      | Found a shadowy altar of Dithmenos.
  5146 | D:7      | Reached XP level 9. HP: 55/55 MP: 0/0
  5146 | D:7      | Learned a level 4 spell: Cause Fear
  5328 | D:7      | Identified the +0 scale mail of the Great Game {Rampage
                  | Str+3 Stlth-}
  5335 | D:7      | Reached skill level 9 in Spellcasting
  5335 | D:7      | Reached skill level 9 in Conjurations
  5335 | D:7      | Reached skill level 9 in Hexes
  5335 | D:7      | Reached skill level 9 in Summonings
  5335 | D:7      | Reached skill level 9 in Necromancy
  5335 | D:7      | Reached skill level 9 in Translocations
  5335 | D:7      | Reached skill level 9 in Transmutations
  5335 | D:7      | Reached skill level 9 in Fire Magic
  5335 | D:7      | Reached skill level 9 in Ice Magic
  5335 | D:7      | Reached skill level 9 in Air Magic
  5335 | D:7      | Reached skill level 9 in Earth Magic
  5335 | D:7      | Reached skill level 9 in Poison Magic
  5704 | D:7      | Identified a +0 robe of resistance
  6182 | D:8      | Reached skill level 10 in Spellcasting
  6182 | D:8      | Reached skill level 10 in Conjurations
  6182 | D:8      | Reached skill level 10 in Hexes
  6182 | D:8      | Reached skill level 10 in Summonings
  6182 | D:8      | Reached skill level 10 in Necromancy
  6182 | D:8      | Reached skill level 10 in Translocations
  6182 | D:8      | Reached skill level 10 in Transmutations
  6182 | D:8      | Reached skill level 10 in Fire Magic
  6182 | D:8      | Reached skill level 10 in Ice Magic
  6182 | D:8      | Reached skill level 10 in Air Magic
  6182 | D:8      | Reached skill level 10 in Earth Magic
  6182 | D:8      | Reached skill level 10 in Poison Magic
  6187 | D:8      | Reached skill level 1 in Fighting
  6189 | D:8      | Reached skill level 2 in Fighting
  6195 | D:8      | Reached XP level 10. HP: 63/65 MP: 0/0
  6286 | D:8      | Reached skill level 3 in Fighting
  6386 | D:8      | Reached skill level 4 in Fighting
  6646 | D:8      | Entered explore mode.
  6646 | D:8      | Quit the game

Vanquished Creatures
  A wraith (D:8)
  Menkaure (D:5)
  A water moccasin (D:7)
  An ice beast (D:7)
  3 black bears
  2 ogres
  A centaur (D:7)
  4 bullfrogs
  A scorpion (D:4)
  13 wights
  3 killer bees (D:8)
  A jelly (D:8)
  5 hounds
  A gnoll bouda (D:6)
  4 orc priests
  10 orc wizards
  4 sleepcaps
  2 iguanas (D:6)
  A hell rat (Sewer)
  4 adders
  6 gnolls
  4 river rats (Sewer)
  A shadow imp (D:6)
  2 white imps
  An ufetubus (D:5)
  4 worms
  2 dart slugs
  34 orcs
  An endoplasm (D:3)
  3 goblins
  3 hobgoblins
  4 jackals (D:4)
  6 kobolds
  3 quokkas
  9 ball pythons
  3 bats (D:3)
  A frilled lizard (D:2)
  8 rats
158 creatures vanquished.

Vanquished Creatures (collateral kills)
  6 foxfires (D:5)
6 creatures vanquished.

Vanquished Creatures (others)
  569 foxfires
569 creatures vanquished.

Grand Total: 733 creatures vanquished

Table legend: (Time is in decaauts)
 A = Elapsed time spent in this place.
 B = Non-inter-level travel time spent in this place.
 C = Inter-level travel time spent in this place.
 D = Time resting spent in this place.
 E = Time spent auto-exploring this place.
 F = Levels seen in this place.
 G = Mean time per level.
                   A        B        C        D        E       F      G
               +--------+--------+--------+--------+--------+-----+--------+
         Total |   6650 |   6428 |    222 |    168 |   5165 |  10 |  665.0 |
       Dungeon |   6459 |   6248 |    211 |    168 |   5049 |   8 |  807.4 |
        Temple |     96 |     85 |     11 |      0 |     78 |   1 |   96.0 |
         Sewer |     93 |     93 |      0 |      0 |     38 |   1 |   93.0 |
               +--------+--------+--------+--------+--------+-----+--------+

Top non-repeatable levels by time:
     D:4: 1074 daAuts
     D:5: 888 daAuts
     D:6: 882 daAuts
     D:1: 840 daAuts
     D:7: 802 daAuts
     D:8: 707 daAuts
     D:2: 685 daAuts
     D:3: 578 daAuts
  Temple: 96 daAuts
   Sewer: 93 daAuts

Table legend:
 A = Non-vault XP
 B = Vault XP
 C = Vault XP percentage of total XP
 D = Non-vault monster count
 E = Vault monster count
 F = Vault count percentage of total count
                 A         B        C        D         E       F
            +---------+---------+-------+---------+---------+-------
      Total |    4183 |     279 |   6.3 |     144 |      14 |   8.9
            +---------+---------+-------+---------+---------+-------
        D:1 |       5 |       0 |   0.0 |       3 |       0 |   0.0
        D:2 |      18 |       0 |   0.0 |      10 |       0 |   0.0
        D:3 |      58 |       0 |   0.0 |      15 |       0 |   0.0
        D:4 |     351 |      12 |   3.3 |      34 |       3 |   8.1
        D:5 |     486 |     175 |  26.5 |      16 |       2 |  11.1
        D:6 |     779 |       0 |   0.0 |      25 |       0 |   0.0
        D:7 |    1316 |       0 |   0.0 |      23 |       0 |   0.0
        D:8 |    1170 |       0 |   0.0 |      18 |       0 |   0.0
      Sewer |       0 |      92 | 100.0 |       0 |       9 | 100.0
            +---------+---------+-------+---------+---------+-------
